 Dungeon Crawl Stone Soup version 0.23.1 (webtiles) character file.

Game seed: 3173317051284657764

348 Gargoyl the Skirmisher (level 6, 0/76 HPs)
             Began as a Centaur Abyssal Knight on Mar 11, 2019.
             Was a Believer of Lugonu.
             Succumbed to a killer bee's poison
             ... on level 3 of the Dungeon.
             The game lasted 00:05:57 (3074 turns).

Gargoyl the Skirmisher (Centaur Abyssal Knight)     Turns: 3074, Time: 00:05:57

Health: 0/76       AC: 15    Str: 21    XL:     6   Next: 33%
Magic:  8/8        EV:  8    Int:  9    God:    Lugonu [**....]
Gold:   117        SH:  3    Dex: 11    Spells: 5/5 levels left

rFire    . . .     SeeInvis .   a - +1 hand axe
rCold    . . .     Gourm    .   o - +0 buckler
rNeg     . . .     Faith    .   g - +2 ring mail
rPois    .         Spirit   .   (no helmet)
rElec    .         Reflect  .   i - +0 cloak
rCorr    .         Harm     .   l - +0 pair of gloves
MR       .....                  (no barding)
Stlth    ..........             (no amulet)
HPRegen  0.22/turn              h - +2 ring of protection
MPRegen  0.11/turn              (no ring)

@: mighty, berserking, lethally poisoned (0 -> -14), hasted, very quick
A: large, hooves 3, slimy green scales 1, deformed body, dopey 1, speed 2,
shaggy fur 1, strong 1, tough skin 3, evolution 1
a: Depart the Abyss, Bend Space, Renounce Religion


You were on level 3 of the Dungeon.
You worshipped Lugonu.
Lugonu was pleased with you.
You were not hungry.

You visited 1 branch of the dungeon, and saw 4 of its levels.
You visited the Abyss 1 time.

You collected 117 gold pieces.

Inventory:

Hand Weapons
 a - a +1 hand axe (weapon)
 p - a +0 war axe
Missiles
 q - 2 javelins (quivered)
Armour
 g - a +2 ring mail (worn)
 i - a +0 cloak (worn)
 l - a +0 pair of gloves (worn)
 o - a +0 buckler (worn)
Jewellery
 h - a +2 ring of protection (left hand)
Scrolls
 f - a scroll of identify
 j - a scroll of magic mapping
 n - a scroll of remove curse
Potions
 d - 2 potions of haste
 e - 3 potions of brilliance
 k - a potion of mutation
Comestibles
 c - 6 rations
 r - a chunk of flesh


   Skills:
 + Level 3.6 Fighting
 + Level 3.3 Axes
 * Level 3.0 Armour
 * Level 2.0 Dodging
 + Level 0.1 Shields
 * Level 3.3 Invocations


You had 5 spell levels left.
You didn't know any spells.
Your spell library was empty.

Dungeon Overview and Level Annotations

Branches:
Dungeon (4/15)
 Temple: D:4-7

Altars:
Kikubaaqudgha
Zin


Innate Abilities, Weirdness & Mutations

You have hooves in place of feet.
Armour fits poorly on your strangely shaped body.
You cover ground very quickly.
You have extremely tough skin. (AC +3)
You are partially covered in slimy green scales. (AC +2)
You are dopey. (Int -2)
You are covered in fur. (AC +1)
Your muscles are strong. (Str +2)
You evolve.


Message History

You feel sick. The killer bee stings you.
* * * LOW HITPOINT WARNING * * *
You are more poisoned.
The killer bee poisons you!
The killer bee stings you but does no damage.
You closely miss the killer bee.
The killer bee is almost dead.
* * * LOW HITPOINT WARNING * * *
You feel sick. The killer bee stings you.
* * * LOW HITPOINT WARNING * * *
You completely miss the killer bee.
The killer bee is almost dead.
* * * LOW HITPOINT WARNING * * *
You feel sick.
The killer bee stings you but does no damage.
You slash the killer bee!
You kill the killer bee!
Lugonu accepts your kill.
Your Armour skill increases to level 3!
You die...

.........# ##.....## .........#
##.....##
........##############.......####
........()(......................
.).......#...................####
.......(.#.>(...))###...........#
.........#.....<..# ####<...###.#
.........#.....)).# ####.###.#
.........#>....†@.# #...#.#
................[.# ###...#
#...(..###........# ##..÷
##.###.# #........# ##...#
#.....# #........# ##..#.#
##..### #........# #..##.#
###..## ########.# ####.###.#
#.....## #.# ###....# #..
..###..## #.# #...#### ##.


There were no monsters in sight!

Vanquished Creatures
  A scorpion (D:4)
  2 killer bees (D:3)
  An orc priest (D:3)
  Jessica (D:3)
  An iguana (D:3)
  6 adders
  3 worms (D:2)
  2 dart slugs (D:1)
  8 orcs (D:3)
  4 ball pythons
  6 bats
  3 giant cockroaches
  5 goblins
  7 hobgoblins
  4 frilled lizards
  8 kobolds
  2 rats
64 creatures vanquished.

Notes
Turn   | Place    | Note
-------+----------+-------------------------------------------
     0 | Abyss:1  | Gargoyl the Centaur Abyssal Knight began the quest for the
                  | Orb.
     0 | Abyss:1  | Reached XP level 1. HP: 19/19 MP: 2/2
    51 | Abyss:1  | Found a corrupted altar of Lugonu.
   125 | Abyss:1  | Noticed a chaos spawn
   126 | Abyss:1  | Gained mutation: You are covered in fur. (AC +1) [potion of
                  | mutation]
   126 | Abyss:1  | Gained mutation: You evolve. [potion of mutation]
   126 | Abyss:1  | Gained mutation: You are partially covered in slimy green
                  | scales. (AC +2) [potion of mutation]
   126 | Abyss:1  | Gained mutation: Your muscles are strong. (Str +2) [potion
                  | of mutation]
   129 | Abyss:1  | Found an ancient bone altar of Kikubaaqudgha.
   145 | Abyss:1  | Found an ancient bone altar of Kikubaaqudgha.
   192 | Abyss:1  | Noticed a starcursed mass
   197 | Abyss:1  | Noticed an ancient zyme
   198 | D:1      | Escaped the Abyss
   360 | D:1      | Reached * piety under Lugonu
   480 | D:1      | Reached XP level 2. HP: 13/26 MP: 3/3
   834 | D:1      | Reached skill level 1 in Dodging
   925 | D:2      | Reached XP level 3. HP: 28/31 MP: 4/4
   964 | D:2      | Found an ancient bone altar of Kikubaaqudgha.
   985 | D:2      | Gained mutation: You are dopey. (Int -2) [evolution]
  1335 | D:2      | Reached XP level 4. HP: 27/38 MP: 5/5
  1747 | D:3      | Reached ** piety under Lugonu
  2246 | D:3      | Reached XP level 5. HP: 39/45 MP: 7/7
  2363 | D:3      | Found a glowing silver altar of Zin.
  2495 | D:3      | Noticed Jessica
  2512 | D:3      | Killed Jessica
  3052 | D:4      | Noticed a phantom
  3070 | D:3      | Reached XP level 6. HP: 6/51 MP: 8/8
  3072 | D:3      | HP: 2/76 [killer bee (3)]
  3074 | D:3      | Succumbed to a killer bee's poison

Skill      XL: |  1  2  3  4  5  6 |
---------------+-------------------+-----
Axes           | 2 3 |  3.3
Dodging        | 1 2 |  2.0
Armour         | 2 3 |  3.0
Invocations    | 3 |  3.3
Fighting       | |  3.6
Shields        | |  0.1

Action                   |  1- 3 |  4- 6 || total
-------------------------+-------+-------++-------
Melee: Hand axe          |    94 |    98 ||   192
       Kick              |    12 |    14 ||    26
Invok: Depart the Abyss  |     1 |       ||     1
  Use: Potion            |     3 |     3 ||     6
       Scroll            |    10 |     2 ||    12
  Eat: Chunk             |       |     2 ||     2
       Ration            |       |     1 ||     1
Armor: Leather armour    |    26 |       ||    26
       Ring mail         |    57 |    87 ||   144
Dodge: Dodged            |    52 |    53 ||   105
Block: Buckler           |       |    10 ||    10
